 Dungeon Crawl Stone Soup version 0.31.0-11-ge490571c62 (webtiles) character file.

Game seed: 5219053009366325096

2 browni3141 the Conjurer (level 1, 0/13 HPs)
             Began as a Demonspawn Conjurer on Jan 29, 2024.
             Slain by a ball python (2 damage)
             ... on level 1 of the Dungeon.
             The game lasted 00:00:16 (25 turns).

browni3141 the Conjurer (Demonspawn Conjurer)         Turns: 25, Time: 00:00:16

Health: 0/13       AC:  2    Str:  7    XL:     1   Next: 25%
Magic:  0/3        EV: 12    Int: 18    God:
Gold:   0          SH:  0    Dex: 11    Spells: 3/4 levels left

rFire   . . .        (no weapon)
rCold   . . .        (no shield)
rNeg    . . .        a - +0 robe
rPois   .            (no helmet)
rElec   .            (no cloak)
rCorr   .            (no gloves)
SInv    .            (no boots)
Will    .....        (no amulet)
Stlth   ++           (no ring)
HPRegen 0.22/turn    (no ring)
MPRegen 0.08/turn

%: no passive effects
@: no status effects
A: no striking features
a: no special abilities


You were on level 1 of the Dungeon.
You visited 1 branch of the dungeon, and saw 1 of its levels.

Inventory:

Armour
 a - a +0 robe (worn)
Potions
 b - a potion of magic


   Skills:
 + Level 1.8 Dodging
 + Level 1.8 Stealth
 + Level 2.0 Spellcasting
 + Level 4.0 Conjurations


You had 3 spell levels left.
You knew the following spells:

 Your Spells              Type           Power      Damage    Failure   Level
a - Magic Dart            Conj           64%        1d6       3%          1

Your spell library contained the following spells:

 Spells                   Type           Power      Damage    Failure   Level
 Searing Ray              Conj           32%        2d5       5%          2
 Fulminant Prism          Conj/Alch      4%         3d5       61%         4
 Iskenderun's Mystic Bla  Conj/Tloc      9%         2d4       61%         4


Dungeon Overview and Level Annotations

Branches:
Dungeon (1/15)

Altars:


Message History

Welcome, browni3141 the Demonspawn Conjurer.
Will you be the one to retrieve the majestic Orb of Zot from the depths?
Press ? for a list of commands and other information.
Found a staircase leading out of the dungeon.
Setting a skill training target for Axes at 18.0.
Setting a skill training target for Invocations at 14.0.
Setting a skill training target for Throwing at 11.0.
You enter the shallow water.
Moving in this stuff is going to be slow.
A kobold comes into view. It is wielding a +0 short sword.
A kobold is nearby!
A kobold is nearby!
A kobold is nearby!
The magic dart hits the kobold.
The kobold is severely wounded.
The kobold shouts!
You hear an angry hiss.
A goblin comes into view. It is wielding a +0 club.
You can't see any susceptible monsters within range! (Use Z to cast anyway.)
You enter the shallow water.
Moving in this stuff is going to be slow.
The goblin shouts!
You hear an angry hiss.
You hear a shout!
A ball python comes into view.
The magic dart hits the kobold.
You kill the kobold!
The magic dart hits the goblin.
The goblin is heavily wounded.
You are out of magic!
You are out of magic!
You hit the ball python.
The ball python is moderately wounded.
The ball python bites you. The ball python closely misses you.
You closely miss the ball python.
The ball python is moderately wounded.
The ball python misses you. The ball python closely misses you.
A hobgoblin comes into view.
The ball python bites you. The ball python closely misses you.
You closely miss the ball python.
The ball python is moderately wounded.
The goblin closely misses you. The ball python closely misses you. x2
You barely miss the ball python.
The ball python is moderately wounded.
The goblin hits you with a +0 club. The ball python barely misses you.
The ball python grabs you. The ball python constricts you.
You escape the ball python's grasp.
The goblin attacks as it pursues you! The goblin barely misses you.
Aiming: Magic Dart (safe; 3% risk of failure)
Press: ? - help, Q - select action Shift-Dir - straight line, f/p - goblin
Aim: a goblin, wielding a +0 club (heavily wounded, 100% to hit)
You miscast Magic Dart.
You are very lightly contaminated with residual magic.
Nothing appears to happen.
The goblin barely misses you. The ball python barely misses you. x2
You barely miss the goblin.
The goblin is heavily wounded.
The goblin barely misses you. The ball python closely misses you. x2
You hit the goblin.
The goblin is severely wounded.
The ball python misses you. The ball python grabs you.
The ball python constricts you. The goblin hits you but does no damage.
The ball python barely misses you. The ball python constricts you.
You closely miss the goblin.
The goblin is severely wounded.
The goblin hits you but does no damage. The ball python bites you.
The ball python constricts you.
You hit the goblin.
You kill the goblin!
The ball python bites you but does no damage.
The ball python constricts you.
You escape the ball python's grasp.
The ball python attacks as it pursues you!
The ball python closely misses you. The ball python misses you.
Your magical contamination has completely faded away.
There is a staircase leading out of the dungeon here.
The ball python attacks as it pursues you!
The ball python bites you. The ball python closely misses you.
The ball python bites you but does no damage.
The ball python misses you.
You hit the ball python.
The ball python is severely wounded.
The hobgoblin hits you. The ball python barely misses you. x2
The ball python bites you.
You die...

......
......##########
.).8.~~~~~~~~##
#.~~~.....~~#
#.~~..~~~..~#
#.~..~~~~~..#
+.~)~~...~~.#
+.~..~<~g.~.+
#.~~...~S@~.+
#..~~~~~..~.#
#~..~~~..~~.#
#~~.....~~~.#
##~~~~~~~~.8.#
##########..#
... ....


You could see a hobgoblin and a ball python.

Vanquished Creatures
  A goblin (D:1)
  A kobold (D:1)
2 creatures vanquished.

Notes
Turn   | Place    | Note
-------+----------+-------------------------------------------
     0 | D:1      | browni3141 the Demonspawn Conjurer began the quest for the
                  | Orb.
     0 | D:1      | Reached XP level 1. HP: 13/13 MP: 3/3
    25 | D:1      | Slain by a ball python

Illustrated notes

Levels and vault maps discovered:
D:1:      psy_arrival_whirlpool, layout_basic, serial_shops,
          nicolae_shop_just_a_little_nook

Action                     || total
---------------------------++-------
  Melee: Unarmed           ||     9
   Cast: Magic Dart        ||     3
 Armour: Robe              ||    11
  Dodge: Dodged            ||    23
